 Dungeon Crawl Stone Soup version 0.17-a0-1-g1f4be75 (webtiles) character file.

3827 timbw the Cruncher (level 10, -10/79 HPs)
             Began as a Human Gladiator on Mar 4, 2015.
             Was a Believer of the Shining One.
             Mangled by a cyclops (26 damage)
             ... on level 13 of the Dungeon.
             The game lasted 00:19:08 (4603 turns).

timbw the Cruncher (Human Gladiator)                Turns: 4603, Time: 00:19:08

Health: -10/79     AC:  5    Str: 19    XL:     10   Next: 40%
Magic:  0/10       EV: 17    Int:  9    God:    the Shining One [**....]
Gold:   275        SH:  0    Dex: 16    Spells: 0 memorised, 9 levels left

rFire  + . .     SeeInvis .     i - +2 quarterstaff (crush)
rCold  . . .     Clarity  .     b - +0 leather armour
rNeg   + . .     SustAb   .     (no shield)
rPois  .         Gourm    .     c - +1 helmet
rElec  .         Spirit   +     (no cloak)
rCorr  .         Warding  .     (no gloves)
rMut   .         Stasis   .     (no boots)
MR     .....                    e - amulet of guardian spirit
Stlth  +.........               B - ring of protection from fire
                                o - +3 ring of strength

@: glowing, not resistant to hostile enchantments, very unstealthy
A: no striking features
a: Divine Shield, Renounce Religion


You were on level 13 of the Dungeon.
You worshipped the Shining One.
The Shining One was pleased with you.
You were not hungry.

You visited 1 branch of the dungeon, and saw 13 of its levels.
You also visited: Bailey and Ice Cave.

You collected 365 gold pieces.
You spent 90 gold pieces at shops.

Inventory:

Hand weapons
 a - a +0 quarterstaff
 g - a +0 blowgun
 i - a +2 quarterstaff of crushing (weapon)
Missiles
 j - 6 tomahawks of returning (quivered)
 q - 19 poisoned needles
 z - 3 javelins of penetration
Armour
 b - a +0 leather armour (worn)
 c - a +1 helmet (worn)
Jewellery
 e - an amulet of guardian spirit (around neck)
 o - a +3 ring of strength (left hand)
 w - a cursed amulet of resist corrosion
 y - a +3 ring of strength
 B - a ring of protection from fire (right hand)
 E - an uncursed ring of see invisible
Magical devices
 s - a wand of lightning (0)
Scrolls
 d - a scroll of identify
 h - 3 scrolls of enchant armour
 k - 2 scrolls of blinking
 l - 2 scrolls of remove curse {unknown}
 m - 3 scrolls of teleportation
 n - a scroll of fear
 u - a scroll of immolation
 x - 2 scrolls of magic mapping
 D - 2 scrolls of vulnerability {unknown}
 F - a scroll of random uselessness {unknown}
Potions
 t - a potion of cure mutation
 v - a potion of resistance {unknown}
 A - a potion of degeneration {unknown}
 C - a potion of heal wounds {unknown}
Books
 G - a Fen Folio

   Spells                             Type                      Level
   a - Corpse Rot                     Necromancy                   2
   b - Stone Arrow                    Conjuration/Earth            3
   c - Leda's Liquefaction            Hexes/Earth                  4
   d - Summon Forest                  Summoning/Translocation      5
   e - Hydra Form                     Transmutation                6
   f - Summon Hydra                   Summoning                    7
Comestibles
 f - 6 bread rations
 p - 4 fruits
 r - a meat ration


   Skills:
 + Level 7.2 Fighting
 * Level 10.7 Staves
 - Level 2.0 Throwing
 + Level 7.8 Dodging


You had 9 spell levels left.
You didn't know any spells.

Dungeon Overview and Level Annotations

Branches:
Dungeon (13/15)               Orc (0/4) D:12
 Temple: D:4-7         Lair: D:8-11      Vaults: D:13-14

Altars:
Dithmenos
Gozag
Makhleb
Nemelex Xobeh
Qazlal
Sif Muna
The Shining One

Shops:
D:8 ?

Annotations:
D:6 Prince Ribbit
D:9 dysrexia's ghost, experienced HOMo
D:11 Urug


Message History

You sock the cyclops!
The cyclops is lightly wounded.
The cyclops barely misses you.
You sock the cyclops!
The cyclops is heavily wounded.
You hit the cyclops.
The cyclops is heavily wounded.
The cyclops hits you!!
You hit the cyclops.
The cyclops is severely wounded.
You hit the cyclops.
The cyclops is severely wounded.
The cyclops hits you!
* * * LOW HITPOINT WARNING * * *
You hit the cyclops.
The cyclops is almost dead.
You hit the cyclops.
The cyclops is almost dead.
The cyclops hits you!!
You die...

#.# ##.##
##...##
..... ...
#)# #<# #.#
#@#########
#.C.......#
#########.#


You could see a cyclops.

Vanquished Creatures
  2 orc knights (Bailey)
  A deep elf mage (D:12)
  2 hungry ghosts
  4 wargs (D:12)
  Menkaure (D:6)
  A black bear (D:10)
  2 ogres
  An orc warrior (Bailey)
  3 necrophages
  4 centaurs
  A big kobold (D:9)
  3 giant frogs
  2 scorpions
  2 crimson imps
  A centaur zombie (D:6)
  2 hounds (D:10)
  4 orc wizards
  A quasit (D:9)
  5 worker ants
  Jessica (D:2)
  A hound zombie (D:10)
  2 hound skeletons
  5 adders
  6 gnolls (D:7)
  3 giant mites
  A worm (D:4)
  2 giant geckos
  18 orcs
  3 giant cockroaches
  10 goblins
  8 hobgoblins
  4 jackals (D:4)
  22 kobolds
  6 quokkas
  9 bats
  A giant gecko skeleton (D:5)
  A giant gecko zombie (D:9)
  2 giant newts
  A quokka skeleton (D:8)
  A quokka zombie (D:7)
  10 rats
159 creatures vanquished.

Notes
Turn   | Place    | Note
--------------------------------------------------------------
     0 | D:1      | timbw, the Human Gladiator, began the quest for the Orb.
     0 | D:1      | Reached XP level 1. HP: 16/16 MP: 1/1
   151 | D:1      | Reached XP level 2. HP: 22/22 MP: 2/2
   191 | D:1      | You fall through a shaft!
   309 | D:1      | Reached XP level 3. HP: 22/27 MP: 3/3
   361 | D:2      | Found a stormy altar of Qazlal.
   362 | D:2      | Found a deep blue altar of Sif Muna.
   369 | D:2      | Found a sparkling altar of Nemelex Xobeh.
   369 | D:2      | Found an opulent altar of Gozag.
   398 | D:2      | Reached skill level 4 in Staves
   428 | D:2      | Noticed Jessica
   448 | D:2      | Killed Jessica
   448 | D:2      | Reached XP level 4. HP: 6/34 MP: 4/4
   918 | D:5      | Entered Level 5 of the Dungeon
   941 | D:5      | Reached XP level 5. HP: 20/39 MP: 5/5
   953 | D:5      | Found a shadowy altar of Dithmenos.
   953 | D:5      | Noticed a phantom
  1299 | D:5      | Reached skill level 5 in Staves
  1299 | D:5      | Reached XP level 6. HP: 34/47 MP: 6/6
  1344 | D:5      | Noticed an ice beast
  1648 | D:6      | Reached skill level 6 in Staves
  1648 | D:6      | Reached XP level 7. HP: 28/52 MP: 7/7
  1793 | D:6      | Noticed Menkaure
  1816 | D:6      | Killed Menkaure
  1827 | D:6      | Noticed Prince Ribbit
  2024 | D:7      | Reached skill level 5 in Dodging
  2024 | D:7      | Reached XP level 8. HP: 30/60 MP: 4/8
  2118 | D:7      | Reached skill level 7 in Staves
  2173 | D:7      | Found a flagged portal.
  2198 | Bailey   | Entered a bailey
  2713 | Bailey   | Noticed an orc knight
  2730 | Bailey   | Noticed an orc knight
  2776 | Bailey   | Killed an orc knight
  2776 | Bailey   | Reached skill level 5 in Fighting
  2776 | Bailey   | Reached skill level 8 in Staves
  2798 | Bailey   | Found an iron altar of Okawaru.
  2842 | Bailey   | Killed an orc knight
  2842 | Bailey   | Reached XP level 9. HP: 28/69 MP: 7/9
  3071 | D:7      | Reached skill level 9 in Staves
  3093 | D:7      | Found a glowing golden altar of the Shining One.
  3096 | D:7      | Became a worshipper of the Shining One
  3231 | D:7      | Found a burning altar of Makhleb.
  3231 | D:7      | Noticed a hungry ghost
  3254 | D:7      | Killed a hungry ghost
  3471 | D:8      | Found Wacur's Magic Scroll Emporium.
  3494 | D:8      | Bought a scroll of fear for 45 gold pieces
  3494 | D:8      | Bought a scroll of magic mapping for 45 gold pieces
  3737 | D:9      | Noticed dysrexia's ghost (experienced HOMo)
  3751 | D:9      | Acquired the Shining One's first power
  3761 | D:10     | Entered Level 10 of the Dungeon
  3780 | D:10     | Reached XP level 10. HP: 68/77 MP: 8/10
  3815 | D:10     | Reached skill level 10 in Staves
  4013 | D:10     | Noticed a hill giant
  4126 | D:11     | Noticed Urug
  4169 | D:11     | Found a frozen archway.
  4175 | IceCv    | Entered an ice cave
  4226 | D:12     | Found a staircase to the Orcish Mines.
  4441 | D:13     | Acquired the Shining One's second power
  4451 | D:13     | Noticed a cyclops
  4603 | D:13     | Mangled by a cyclops

Action                   |  1- 3 |  4- 6 |  7- 9 | 10-12 || total
-------------------------+-------+-------+-------+-------++-------
Melee: Quarterstaff      |    55 |   119 |   217 |    77 ||   468
 Fire: Blowgun           |       |     1 |    21 |       ||    22
Throw: Throwing net      |     3 |     5 |     1 |       ||     9
       Tomahawk          |       |       |    14 |     1 ||    15
Evoke: Wand              |       |       |     5 |       ||     5
  Use: Potion            |     1 |       |     2 |       ||     3
       Scroll            |       |     6 |     2 |       ||     8
  Eat: Chunk             |       |     4 |     5 |       ||     9
       Beef jerky        |       |       |     2 |       ||     2
       Meat ration       |       |       |     1 |       ||     1
